AoeStats
← waLLefps.

Arabia

507336537Analyzed
1v1 RM · 13d ago on Sep 17, 2026· 40m 50s· 2 players
Game mode
Random Map
Map size
Tiny (2 player)
Population
200
Speed
Normal
Resources
Standard
Victory
Conquest
Starting age
Dark Age
Ending age
Imperial Age
RankedLock teamsTeams togetherTeam positionsShared explorationLock speedFull tech treeHidden civsTurbo modeCheats
Victory
Defeat
🇨🇦 Vikings · Canada
1311
+18
🇹🇷 Spanish · Türkiye
1365
-18
INTERCEPTOR
7:45 Loom
10:08 Feudal Age
10:55 Double-Bit Axe
12:49 Fletching
20:24 Castle Age
18:42 Padded Archer Armor
19:02 Gold Mining
20:03 Horse Collar
20:27 Crossbowman
21:05 Bodkin Arrow
23:44 Leather Archer Armor
27:25 Ballistics
33:18 Gold Shaft Mining
32:59 Bow Saw
36:13 Imperial Age
37:15 Bracer
37:09 Arbalester
37:09 Elite Skirmisher
39:59 Conscription
41:40 Chemistry
waLLefps.
6:37 Loom
9:13 Feudal Age
10:44 Double-Bit Axe
11:16 Horse Collar
13:33 Fletching
18:47 Wheelbarrow
19:51 Padded Archer Armor
21:56 Castle Age
20:34 Scale Barding Armor
21:38 Bloodlines
22:51 Bow Saw
22:40 Bodkin Arrow
22:48 Husbandry
24:51 Hand Cart
32:59 Heavy Plow
33:32 Gold Mining
38:45 Imperial Age
36:07 Town Watch
38:10 Leather Archer Armor
38:01 Thumb Ring
38:55 Heavy Cavalry Archer
39:37 Bracer
41:09 Ring Archer Armor
Connection lost

Rejoining the realm…

Still unreachable

The connection could not be restored.

Session expired

The server has moved on; the page needs a fresh start.